 Dungeon Crawl Stone Soup version 0.29-a0-876-gfc89b1a5bd (webtiles) character file.

Game seed: 6547916115374390787

21 greasedhog the Cudgeller (level 2, 0/28 HPs)
             Began as a Gargoyle Berserker on July 19, 2022.
             Was a Follower of Trog.
             Slain by a goblin
             ... wielding a +0 dagger
             ... led by Robin
              (2 damage)
             ... on level 2 of the Dungeon.
             The game lasted 00:01:34 (942 turns).

greasedhog the Cudgeller (Gargoyle Berserker)        Turns: 942, Time: 00:01:35

Health: 0/28       AC: 21    Str: 20    XL:     2   Next: 83%
Magic:  2/2        EV:  2    Int:  7    God:    Trog [*.....]
Gold:   102        SH:  0    Dex:  9    Spells: 1/1 levels left

rFire   . . .      SeeInvis .   g - +0 flail
rCold   . . .      Faith    .   (no shield)
rNeg    + . .      Spirit   .   (body armour currently unavailable)
rPois   ∞          Reflect  .   (helmet currently unavailable)
rElec   .          Harm     .   (cloak currently unavailable)
rCorr   .          Rampage  .   (gloves currently unavailable)
Will    .....      NoTele   +   (boots currently unavailable)
Stlth   +.........              (no amulet)
HPRegen 0.09/turn               (no ring)
MPRegen 0.08/turn               (no ring)

@: tree-form, on berserk cooldown, slowed, very slow
A: stationary, stasis, torment immunity, boosted hp, sickness immunity, AC +2,
negative energy resistance 1, (electricity resistance), torment resistance 1,
petrification resistance
a: Renounce Religion, Berserk


You were on level 2 of the Dungeon.
You worshipped Trog.
Trog was aware of your devotion.
You were a tree.
You visited 1 branch of the dungeon, and saw 2 of its levels.

You collected 102 gold pieces.

Inventory:

Hand Weapons
 g - a +0 flail (weapon)
Armour
 b - a +0 animal skin (melded)
Scrolls
 e - a scroll of torment
 i - a scroll of silence
Potions
 d - a potion of might {unknown}
 f - a potion of degeneration {unknown}


   Skills:
 - Level 3.2 Fighting
 * Level 4.0 Maces & Flails
 - Level 2.1 Armour
 - Level 1.5 Dodging


You had one spell level left.
You didn't know any spells.
Your spell library was empty.

Dungeon Overview and Level Annotations

Branches:
Dungeon (2/15)

Altars:

Annotations:
D:2 Robin


Innate Abilities, Weirdness & Mutations

You are a tree.
Your roots penetrate the ground, keeping you stationary.
You cannot be teleported.
You are immune to unholy pain and torment.
Your maximum health is greatly increased.
Your equipment is partially melded.
You are immune to sickness and miasma.
((Your stone body is resilient. (AC +2)))
You are immune to poison.
You resist negative energy. (rN+)
((You are resistant to electric shocks. (rElec)))
You are resistant to unholy torment.
You are immune to petrification.


Message History

Things that are here:
a +0 club; a +0 dagger It was a potion of heal wounds.
You feel much better. The hobgoblin misses you.
You hit the hobgoblin.
You kill the hobgoblin!
Trog accepts your kill.
The hobgoblin no longer looks unusually strong.
The goblin closely misses you. Robin throws the goblin at you!
You hit the goblin.
The goblin is moderately wounded.
The goblin barely misses you.
Robin roars a battlecry!
The goblins go into a battle-frenzy!
The goblin hits you with a +0 dagger. x2; The goblin barely misses you.
You hit the goblin.
You kill the goblin!
Trog accepts your kill. The goblin hits you but does no damage.
Robin throws the goblin at you! The goblin hits you with a +0 dagger.
You thump the goblin!
You kill the goblin!
Trog accepts your kill. The goblin hits you with a +0 dagger.
Robin throws the goblin at you!
Your Maces & Flails skill increases to level 4!
It was a potion of lignification.
You turn into a tree.
Your +0 animal skin melds into your body.
Your roots penetrate the ground.
The goblin hits you but does no damage.
The hobgoblin hits you but does no damage.
The goblin hits you but does no damage. The hobgoblin hits you.
* * * LOW HITPOINT WARNING * * *
Unknown command.
You miss the goblin. The goblin hits you with a +0 dagger.
* * * LOW HITPOINT WARNING * * *
The hobgoblin hits you but does no damage. x2
The goblin hits you but does no damage.
You barely miss the goblin. The goblin hits you but does no damage.
The hobgoblin hits you.
* * * LOW HITPOINT WARNING * * *
You closely miss the goblin. The goblin hits you with a +0 dagger.
You die...

...# ... ... #.. #
#.#.#.# . . ..#.#.# ..
g##.#.#.# .>. gg.#.#g#
B.. #..#.#♣# .....
#gg#.#g#.#.#...
#..#..g........ .#
######.g#.......#.###.#
........#.###..........
.......................
##.....................
..>?..............##...
##.#.......†...........


You could see Robin, a hobgoblin (strong) and a goblin (strong).

Vanquished Creatures
  A dart slug (D:1)
  A bat (D:1)
  2 endoplasms (D:1)
  A giant cockroach (D:2)
  5 goblins
  A hobgoblin (D:2)
  2 ball pythons (D:1)
  2 frilled lizards
  2 kobolds (D:1)
17 creatures vanquished.

Notes
Turn   | Place    | Note
-------+----------+-------------------------------------------
     0 | D:1      | greasedhog the Gargoyle Berserker began the quest for the
                  | Orb.
     0 | D:1      | Reached XP level 1. HP: 14/14 MP: 1/1
   254 | D:1      | Reached XP level 2. HP: 19/19 MP: 2/2
   549 | D:1      | Found a faded altar of an unknown god.
   909 | D:2      | Noticed Robin
   939 | D:2      | Reached skill level 4 in Maces & Flails
   942 | D:2      | Slain by a goblin

Illustrated notes

Levels and vault maps discovered:
D:1:      sevenhm_arrival_forest_fort_small_3, layout_loops_ring,
          ebering_ecumenical_altar_abandoned,
          wander_ebering_terrifying_dragon_lair
D:2:      layout_basic, nicolae_grassy_gnolls, uniq_robin, uniq_sigmund

Skill      XL: |  1  2 |
---------------+-------+-----
Maces & Flails | 4 |  4.0
Fighting       | |  3.2
Armour         | |  2.1
Dodging        | |  1.5

Action                   || total
-------------------------++-------
Melee: Mace              ||    12
       Flail             ||    40
Invok: Berserk           ||     1
  Use: Scroll            ||     2
       Potion            ||     2
Armor: Animal skin       ||    22
       Skin              ||     7
Dodge: Dodged            ||    31

Table legend: (Time is in decaauts)
 A = Elapsed time spent in this place.
 B = Non-inter-level travel time spent in this place.
 C = Inter-level travel time spent in this place.
 D = Time resting spent in this place.
 E = Time spent auto-exploring this place.
 F = Levels seen in this place.
 G = Mean time per level.
                   A        B        C        D        E       F      G
               +--------+--------+--------+--------+--------+-----+--------+
         Total |    952 |    940 |     12 |      0 |    756 |   2 |  476.0 |
       Dungeon |    952 |    940 |     12 |      0 |    756 |   2 |  476.0 |
               +--------+--------+--------+--------+--------+-----+--------+

Top non-repeatable levels by time:
     D:1: 892 daAuts
     D:2: 59 daAuts
